 Dungeon Crawl Stone Soup version 0.16-a0-3911-g06eb01e (webtiles) character file.

510 timbw the Twirler (level 7, -2/54 HPs)
             Began as a Human Gladiator on Feb 4, 2015.
             Was an Initiate of the Shining One.
             Slain by an iguana (8 damage)
             ... on level 5 of the Dungeon.
             The game lasted 00:06:59 (2408 turns).

timbw the Twirler (Human Gladiator)                 Turns: 2408, Time: 00:06:59

Health: -2/54      AC: 11    Str: 17    XL:     7   Next: 42%
Magic:  7/7        EV:  5    Int:  8    God:    the Shining One [......]
Gold:   82         SH:  0    Dex: 14    Spells: 0 memorised, 6 levels left

rFire  + . .     SeeInvis .     a - +0 quarterstaff
rCold  + . .     Clarity  .     e - +0 plate armour
rNeg   . . .     SustAb   .     (no shield)
rPois  +         Gourm    .     c - +0 helmet
rElec  +         Spirit   .     (no cloak)
rCorr  +         Warding  .     (no gloves)
rMut   .         Stasis   .     (no boots)
MR     .....                    j - amulet of inaccuracy (curse)
Stlth  ..........               (no ring)
                                d - ring of flight

@: resistant, not resistant to hostile enchantments, extremely unstealthy
A: no striking features
a: Renounce Religion, Evoke Flight


You were on level 5 of the Dungeon.
You worshipped the Shining One.
The Shining One was noncommittal.
You were hungry.

You visited 2 branches of the dungeon, and saw 7 of its levels.

You collected 82 gold pieces.

Inventory:

Hand weapons
 a - a +0 quarterstaff (weapon)
Armour
 b - a +0 leather armour
 c - a +0 helmet (worn)
 e - a +0 plate armour (worn)
Jewellery
 d - a ring of flight (left hand)
 j - a cursed amulet of inaccuracy (around neck)
Magical devices
 k - a wand of frost (14)
Comestibles
 f - a bread ration
 g - a chunk of flesh


   Skills:
 + Level 4.3 Fighting
 * Level 6.9 Staves
 - Level 2.0 Throwing
 - Level 3.0 Dodging


You had 6 spell levels left.
You didn't know any spells.

Dungeon Overview and Level Annotations

Branches:
Dungeon (6/15)             Temple (1/1) D:5

Altars:
Ashenzari
Cheibriados
Elyvilon
Fedhas
Kikubaaqudgha
Makhleb
Nemelex Xobeh
Okawaru
Qazlal
Sif Muna
Trog
Xom
Yredelemnul
Zin
The Shining One

Shops:
D:5 =


Message History

The iguana bites you.
You miss the iguana.
The iguana is heavily wounded.
The iguana bites you!
* * * LOW HITPOINT WARNING * * *
Throwing (i - inventory):
i - a throwing net (quivered)
Press: ? - help, Shift-Dir - straight line, f - iguana
Aim: an iguana (heavily wounded)
You throw a throwing net. The throwing net misses the iguana.
The iguana bites you.
* * * LOW HITPOINT WARNING * * *
There is an open door here.
Drink which item? (? for menu, Esc to quit)
Okay, then.
You are feeling hungry.
Drink which item? (? for menu, Esc to quit)
It was a potion of resistance.
You feel protected. The iguana bites you!
You die...

#...'.....# ..# ....
#...#.....##+##.# #..#
+...###'#..†..#.###..#
#.......#.....#...#..#
#.......#.....#...#..#
#.......+.....#...#..+
#.......#.....'...'..# .
#...##..#.....#####'##.....
.. #..##+#....@l.....# ....
+...........+ ...
#...........# #...........#
#...........#
########...... #.∩... #....
.


You could see an iguana.

Vanquished Creatures
  An ogre (D:4)
  3 hounds
  4 orc wizards
  2 orc priests (D:4)
  An iguana (D:4)
  A worker ant (D:5)
  4 gnolls (D:4)
  3 adders
  A worm (D:3)
  An adder skeleton (D:4)
  2 giant geckos
  9 orcs
  2 bats (D:4)
  A bat skeleton (D:4)
  A giant cockroach (D:2)
  4 goblins
  5 hobgoblins
  5 jackals
  6 kobolds
  2 giant newts
  A quokka (D:4)
  7 rats
66 creatures vanquished.

Notes
Turn   | Place    | Note
--------------------------------------------------------------
     0 | D:1      | timbw, the Human Gladiator, began the quest for the Orb.
     0 | D:1      | Reached XP level 1. HP: 16/16 MP: 1/1
    54 | D:1      | Reached XP level 2. HP: 16/22 MP: 2/2
   350 | D:2      | Reached skill level 4 in Staves
   350 | D:2      | Reached XP level 3. HP: 25/27 MP: 3/3
   626 | D:4      | Reached XP level 4. HP: 33/33 MP: 4/4
   681 | D:4      | Noticed an ogre
   705 | D:4      | Killed an ogre
   705 | D:4      | Reached skill level 5 in Staves
   705 | D:4      | Reached XP level 5. HP: 9/41 MP: 5/5
  1282 | D:4      | Reached XP level 6. HP: 28/47 MP: 6/6
  1528 | D:4      | Reached skill level 6 in Staves
  1786 | D:5      | Entered Level 5 of the Dungeon
  1979 | D:4      | Reached XP level 7. HP: 49/54 MP: 7/7
  2065 | D:5      | Found a staircase to the Ecumenical Temple.
  2066 | D:5      | Found a shimmering altar of Xom.
  2073 | Temple   | Entered the Ecumenical Temple
  2087 | Temple   | Became a worshipper of the Shining One
  2379 | D:5      | Found Shranur's Jewellery Emporium.
  2408 | D:5      | Slain by an iguana

Action                   |  1- 3 |  4- 6 |  7- 9 || total
-------------------------+-------+-------+-------++-------
Melee: Quarterstaff      |    79 |   198 |   100 ||   377
Throw: Throwing net      |       |     3 |     1 ||     4
  Use: Scroll            |       |     2 |       ||     2
       Potion            |       |     1 |     1 ||     2
 Stab: Held in net/web   |       |     2 |       ||     2
  Eat: Chunk             |       |     4 |     1 ||     5
